 Dungeon Crawl Stone Soup version 0.21.0-3-g78d12a8bdd (webtiles) character file.

530 KamiKatze the Covered (level 7, -3/37 HPs)
             Began as a Vine Stalker Fighter on Jan 9, 2018.
             Killed by divine providence
             ... invoked by an orc priest
              (10 damage)
             ... on level 4 of the Dungeon.
             The game lasted 00:10:20 (2534 turns).

KamiKatze the Covered (Vine Stalker Fighter)        Turns: 2534, Time: 00:10:22

Health: -3/37      AC:  8    Str: 21    XL:     7   Next: 24%
Magic:  0/8        EV:  7    Int: 13    God:
Gold:   143        SH:  9    Dex: 13    Spells: 6/6 levels left

rFire    . . .     SeeInvis .   a - +1 rapier
rCold    . . .     Gourm    .   c - +0 shield
rNeg     . . .     Faith    .   b - +0 scale mail
rPois    .         Spirit   +   s - +0 helmet
rElec    .         Reflect  .   (no cloak)
rCorr    .         Harm     .   (no gloves)
MR       .....                  (no boots)
Stlth    ..........             (no amulet)
HPRegen  0.52/turn              n - +5 ring of intelligence
MPRegen  0.11/turn              (no ring)

@: no status effects
A: fangs 2, regeneration 1, magic shield, antimagic bite, no potion heal 3, rot
immunity
a: no special abilities


You were on level 4 of the Dungeon.
You were hungry.

You visited 1 branch of the dungeon, and saw 4 of its levels.

You collected 143 gold pieces.

Inventory:

Hand Weapons
 a - a +1 rapier (weapon)
Missiles
 e - 129 stones (quivered)
 r - 2 tomahawks
Armour
 b - a +0 scale mail (worn)
 c - a +0 shield (worn)
 s - a +0 helmet (worn)
Jewellery
 n - a +5 ring of intelligence (left hand)
 u - an uncursed ring of protection from cold {unknown}
Scrolls
 i - 2 scrolls of remove curse {unknown}
 k - a scroll of teleportation {unknown}
 p - 3 scrolls of enchant weapon
 q - a scroll of fog {unknown}
 t - a scroll of immolation {unknown}
Potions
 d - 2 potions of lignification {unknown}
 h - 2 potions of brilliance
 j - a potion of haste {unknown}
 l - a potion of cancellation {unknown}
 m - a potion of magic
 o - a potion of mutation
Comestibles
 f - 8 rations
 g - 5 chunks of flesh


   Skills:
 + Level 3.8 Fighting
 * Level 4.2 Short Blades
 * Level 4.3 Armour
 + Level 3.7 Shields


You had 6 spell levels left.
You didn't know any spells.

Dungeon Overview and Level Annotations

Branches:
Dungeon (4/15)
 Temple: D:4-7

Altars:


Innate Abilities, Weirdness & Mutations

You have extremely sharp teeth.
Your natural rate of healing is unusually fast.
When hurt, damage is shared between your health and your magic reserves.
Your bite disrupts and absorbs the magic of your enemies.
Potions cannot restore your health.
You are immune to rotting.


Message History

* * * LOW HITPOINT WARNING * * *
The orc hits you but does no damage.
You hit the orc priest but do no damage.
You bite the orc priest, but do no damage.
The orc priest is moderately wounded.
The orc barely misses you. You block the orc priest's attack.
The orc hits you with a dagger.
You hit the orc priest. Your bite misses the orc priest.
The orc priest is severely wounded.
You block the orc's attack.
The orc priest hits you but does no damage.
You block the orc's attack.
You closely miss the orc priest. Your bite misses the orc priest.
The orc priest is severely wounded.
The orc hits you with a mace.
* * * LOW HITPOINT WARNING * * *
The orc hits you but does no damage.
The orc priest mumbles some strange prayers to Beogh against you.
Beogh smites you!
You die...

#.........
#.........
#.........
#.........
#......... .......
#......... ......
#ooo...... .....
#@##########+#....
#...#........#....
#...# .......#....
#...# ......+....
#..## #...##....
#..######...###'#.
#..+............#.
#..#............#.
#..#............#.


You could see an orc priest and 2 orcs.

Vanquished Creatures
  Grinder (D:4)
  5 orc wizards
  2 worker ants (D:4)
  6 adders
  An ooze (D:1)
  3 dart slugs
  2 leopard geckos
  8 orcs
  8 bats
  3 giant cockroaches
  6 hobgoblins
  5 jackals
  8 kobolds
  2 quokkas (D:4)
  3 ball pythons
  7 frilled lizards
  6 goblins
  12 rats
88 creatures vanquished.

Notes
Turn   | Place    | Note
-------+----------+-------------------------------------------
     0 | D:1      | KamiKatze the Vine Stalker Fighter began the quest for the Orb.
     0 | D:1      | Reached XP level 1. HP: 11/11 MP: 2/2
    87 | D:1      | Reached XP level 2. HP: 16/16 MP: 3/3
   264 | D:1      | Reached XP level 3. HP: 19/19 MP: 4/4
   945 | D:2      | Gained mutation: Your natural rate of healing is unusually fast. [Vine Stalker growth]
   945 | D:2      | Reached XP level 4. HP: 11/24 MP: 2/5
  1685 | D:2      | Reached XP level 5. HP: 10/28 MP: 3/6
  1844 | D:3      | Reached XP level 6. HP: 27/32 MP: 7/7
  2377 | D:4      | Noticed Grinder
  2389 | D:4      | Killed Grinder
  2389 | D:4      | Reached XP level 7. HP: 3/37 MP: 5/8
  2534 | D:4      | Killed from afar by an orc priest

Skill      XL: |  1  2  3  4  5  6 |
---------------+-------------------+-----
Short Blades   | 2 3 4 |  4.2
Fighting       | 3 |  3.8
Armour         | 3 4 |  4.3
Shields        | 3 |  3.7

Action                   |  1- 3 |  4- 6 |  7- 9 || total
-------------------------+-------+-------+-------++-------
Melee: Rapier            |    91 |   135 |    21 ||   247
       Bite              |    21 |    35 |     3 ||    59
  Use: Scroll            |       |     4 |       ||     4
       Potion            |       |     1 |       ||     1
  Eat: Chunk             |       |     5 |       ||     5
Armor: Scale mail        |    48 |    99 |    16 ||   163
Dodge: Dodged            |    44 |    58 |     4 ||   106
Block: Shield            |    40 |    97 |    15 ||   152
